 Dungeon Crawl Stone Soup version 0.19-a0-805-g0a78ef0 (webtiles) character file.

7896 puppykicker the Basher (level 11, -6/133 HPs)
             Began as a Minotaur Gladiator on June 27, 2016.
             Was a Believer of Fedhas.
             Mangled by a manticore (16 damage)
             ... on level 11 of the Dungeon.
             The game lasted 00:19:33 (9157 turns).

puppykicker the Basher (Minotaur Gladiator)         Turns: 9157, Time: 00:19:34

Health: -6/133     AC: 25    Str: 22    XL:     11   Next: 2%
Magic:  13/13      EV:  2    Int:  7    God:    Fedhas [**....]
Gold:   683        SH:  0    Dex: 14    Spells: 0 memorised, 10 levels left

rFire  + . .     SeeInvis .     a - +8 mace "Maok" {crush, rN+}
rCold  . . .     Gourm    .     (armour currently unavailable)
rNeg   + + +     Faith    .     (no shield)
rPois  +         Spirit   .     (helmet currently unavailable)
rElec  .         Dismiss  .     (cloak currently unavailable)
rCorr  +         Reflect  .     (gloves currently unavailable)
SustAt .         Harm     +     (boots currently unavailable)
MR     .....     NoTele   +     W - amulet of harm
Stlth  +.........               T - ring of resist corrosion
                                n - ring of protection from fire

@: tree-form, manticore barbs, not resistant to hostile enchantments, very
unstealthy
A: (retaliatory headbutt), (horns 0), clever 1, sense surroundings 1, strong 1
a: Evolution, Sunlight, Renounce Religion


You were on level 11 of the Dungeon.
You worshipped Fedhas.
Fedhas was pleased with you.
You were not hungry.
You were a tree.
You visited 2 branches of the dungeon, and saw 12 of its levels.

You collected 683 gold pieces.


Innate Abilities, Weirdness & Mutations

((You reflexively headbutt those who attack you in melee.))
((You have a pair of horns on your head.))
Your mind is acute. (Int +2)
You passively map a small area around you.
Your muscles are strong. (Str +2)


   Skills:
 + Level 6.1 Fighting
 - Level 13.6(14.2) Maces & Flails
   Level 7.5(11.5) Staves
 + Level 8.7 Bows
 - Level 2.0 Throwing
 - Level 3.2 Dodging
 + Level 4.9 Evocations


You had 10 spell levels left.
You didn't know any spells.

Inventory:

Hand Weapons
 a - the +8 mace "Maok" (weapon) {crush, rN+}
   (You found it on level 4 of the Dungeon)

   It inflicts extra damage upon your enemies.
   It protects you from negative energy.
 b - a +1 shortbow
 c - a +0 blowgun
 I - the +4 mace of Calamity {antimagic, Str+4}
   (You found it on level 4 of the Dungeon)

   It reduces the magical energy of the wielder, and disrupts the spells and
   magical abilities of those hit.
   Natural abilities and divine invocations are not affected.
   It affects your strength (+4).
 R - a +0 dire flail of holy wrath
Missiles
 d - 3 throwing nets (quivered)
 i - 15 poisoned needles
 Q - 253 arrows
 V - 6 curare-tipped needles
Armour
 e - a +0 hat (melded)
 h - a +0 pair of gloves (melded)
 k - a +2 cloak of invisibility (melded)
 A - a +2 scale mail of fire resistance (melded)
Jewellery
 n - a ring of protection from fire (left branch)
 T - a ring of resist corrosion (right branch)
 W - an amulet of harm (around neck)
Wands
 C - a wand of digging (7/24)
 D - a wand of flame (21/48)
 L - a wand of lightning (11/15)
 N - a wand of acid (8/15)
 X - a wand of paralysis (4/24)
 Y - a wand of disintegration (6/24)
 Z - a wand of lightning (3/15)
Scrolls
 j - 6 scrolls of remove curse
 t - 2 scrolls of recharging {unknown}
 w - 4 scrolls of teleportation
 x - 4 scrolls of fog
 y - a scroll of immolation {unknown}
 G - 2 scrolls of enchant armour {unknown}
 H - 5 scrolls of enchant weapon
 J - a scroll of magic mapping
 M - 2 scrolls of noise {unknown}
 P - a scroll of brand weapon {unknown}
 S - a scroll of amnesia {unknown}
Potions
 m - 5 potions of flight
 p - 2 potions of resistance
 q - 3 potions of agility
 r - 3 potions of magic
 s - 3 potions of brilliance {unknown}
 F - 3 potions of might
 K - a potion of berserk rage
 O - 2 potions of cure mutation
 U - 4 potions of curing {unknown}
Miscellaneous
 l - a box of beasts
Comestibles
 f - 9 bread rations
 o - 2 chunks of flesh {@w1}
 B - 31 fruits
 E - 4 meat rations

Dungeon Overview and Level Annotations

Branches:
Dungeon (11/15)            Temple (1/1) D:5            Lair (0/6) D:11
    Orc (0/2) D:10

Altars:
Ashenzari
Cheibriados
Dithmenos
Elyvilon
Fedhas
Gozag
Hepliaklqana
Kikubaaqudgha
Makhleb
Nemelex Xobeh
Okawaru
Pakellas
Qazlal
Ru
Sif Muna
Trog
Uskayaw
Vehumet
Xom
Yredelemnul
Zin
The Shining One

Shops:
D:8 [ D:11

% ,........### ###.#
#######...# #######.#
##...## #........ * *
#8.[.8# #........
##...## #........ ,
#...# #...∩.... ##...##
#........ #8...8#
#........ ##..♣## #
#........ *#..H#
8###8#........ ,
,....... ..............
,
..................######
....................## *
##8###⌠###8###8####..#
## ####### #######'###
#....#### #.......#
#....'..###.......'


You could see a manticore.


Message History

The manticore flicks its tail.
The volley of spikes hits you!
The barbed spikes become lodged in your body.
* * * LOW HITPOINT WARNING * * *
The barbed spikes dig painfully into your body as you move.
* * * LOW HITPOINT WARNING * * *
The manticore flicks its tail.
The volley of spikes hits you!
The barbed spikes become lodged in your body.
* * * LOW HITPOINT WARNING * * *
Unknown command.
The barbed spikes dig painfully into your body as you move.
* * * LOW HITPOINT WARNING * * *
The manticore barely misses you. The manticore claws you!
* * * LOW HITPOINT WARNING * * *
The manticore closely misses you.
Unknown command.
Really quaff
g - a potion of lignification {!q}?
You turn into a tree.
You feel less resistant to fire.
Your roots penetrate the ground.
The manticore bites you.
* * * LOW HITPOINT WARNING * * *
The manticore claws you but does no damage.
The manticore claws you.
* * * LOW HITPOINT WARNING * * *
Unknown command.
You sock the manticore!
The manticore is moderately wounded.
The manticore bites you!
You die...
Fedhas appreciates your contribution to the ecosystem.

Action                   |  1- 3 |  4- 6 |  7- 9 | 10-12 || total
-------------------------+-------+-------+-------+-------++-------
Melee: Whip              |    24 |       |       |       ||    24
       Quarterstaff      |    85 |   111 |       |       ||   196
       Headbutt          |    18 |    16 |    31 |    28 ||    93
       Mace              |       |    30 |   180 |   135 ||   345
 Fire: Shortbow          |       |       |     6 |    10 ||    16
  Use: Scroll            |     4 |    11 |     2 |     4 ||    21
       Potion            |       |       |     1 |     2 ||     3
  Eat: Chunk             |     1 |     6 |    10 |     4 ||    21
       Royal jelly       |       |       |       |     1 ||     1
       Pizza             |       |       |       |     1 ||     1
       Beef jerky        |       |       |       |     1 ||     1
Armor: Leather armour    |    12 |       |       |       ||    12
       Ring mail         |    40 |    11 |       |       ||    51
       Scale mail        |       |    57 |    86 |    50 ||   193
       Skin              |       |       |       |     1 ||     1
Dodge: Dodged            |    78 |    74 |    76 |    68 ||   296

Vault maps used:
D:1:      ncdulo_watergridlock
D:2:      kennysheep_six_static_rooms, first_bread, yredelemnul_altar_generic
D:3:      minmay_quantized, uniq_iyjb
D:4:      kennysheep_crisscross, uniq_crazy_yiuf_cottage
D:5:      uniq_edmund
D:6:      uniq_sigmund
D:7:      minmay_misc_feat_chi
D:8:      lemuel_coloured_pillars_altar, serial_shops, kennysheep_mini,
          uniq_pikel, uniq_psyche
D:9:      blue_anna_alchemist, hangedman_decor_push
D:10:     orc_0_dummy
D:11:     lair_0_dummy, serial_shops, shop, serial_corexii_hall,
          corexii_hall_statues_x, corexii_hall_statues_u,
          corexii_hall_statues_x, corexii_hall_statues_t,
          corexii_hall_statues_t, corexii_hall_statues_l
Temple:   regret_index_temple_sigil_plot

Notes
Turn   | Place    | Note
--------------------------------------------------------------
     0 | D:1      | puppykicker the Minotaur Gladiator began the quest for the Orb.
     0 | D:1      | Reached XP level 1. HP: 18/18 MP: 0/0
    37 | D:1      | Reached skill level 4 in Staves
    63 | D:1      | Reached XP level 2. HP: 20/25 MP: 1/1
   619 | D:1      | Reached skill level 5 in Staves
   650 | D:1      | Reached XP level 3. HP: 30/30 MP: 2/2
  1124 | D:2      | Found a basalt altar of Yredelemnul.
  1165 | D:2      | Reached skill level 1 in Evocations
  1165 | D:2      | Reached XP level 4. HP: 37/37 MP: 3/3
  1529 | D:2      | Reached skill level 6 in Staves
  1647 | D:2      | Identified a potion of resistance
  1922 | D:3      | Noticed Ijyb
  1926 | D:3      | Killed Ijyb
  1926 | D:3      | Reached XP level 5. HP: 42/42 MP: 5/5
  2073 | D:3      | Reached skill level 2 in Evocations
  2348 | D:3      | Reached skill level 7 in Staves
  2525 | D:4      | Reached XP level 6. HP: 48/50 MP: 6/6
  2677 | D:4      | Found a runed door.
  2679 | D:4      | Got a twisted mace
  2685 | D:4      | Got an ancient mace
  2706 | D:4      | Identified the +4 mace of Calamity {antimagic, Str+4} (You found it on level 4 of the Dungeon)
  2707 | D:4      | Identified the +8 mace "Maok" {crush, rN+} (You found it on level 4 of the Dungeon)
  2737 | D:4      | Reached skill level 2 in Maces & Flails
  2819 | D:4      | Reached skill level 3 in Maces & Flails
  2976 | D:4      | Reached skill level 4 in Maces & Flails
  3282 | D:4      | Noticed Crazy Yiuf
  3287 | D:4      | Killed Crazy Yiuf
  3287 | D:4      | Reached XP level 7. HP: 55/56 MP: 7/7
  3361 | D:5      | Entered Level 5 of the Dungeon
  3551 | D:5      | Reached skill level 5 in Maces & Flails
  3689 | D:5      | Noticed Edmund
  3695 | D:5      | Killed Edmund
  3695 | D:5      | Reached skill level 6 in Maces & Flails
  3729 | D:5      | Reached skill level 7 in Maces & Flails
  3811 | D:5      | Found a staircase to the Ecumenical Temple.
  3849 | D:5      | Reached skill level 8 in Maces & Flails
  3849 | D:5      | Reached XP level 8. HP: 33/62 MP: 8/8
  3995 | Temple   | Entered the Ecumenical Temple
  4279 | Temple   | Became a worshipper of Fedhas Madash
  4498 | D:6      | Noticed Sigmund
  4504 | D:6      | Killed Sigmund
  4504 | D:6      | Reached skill level 9 in Maces & Flails
  4685 | D:6      | Reached skill level 1 in Bows
  4928 | D:7      | Reached skill level 10 in Maces & Flails
  4931 | D:7      | Reached skill level 2 in Bows
  5002 | D:7      | Reached skill level 3 in Bows
  5048 | D:7      | Reached XP level 9. HP: 64/68 MP: 9/9
  5189 | D:7      | Reached skill level 11 in Maces & Flails
  5197 | D:7      | Noticed Buffagor's ghost (novice DsFi)
  5223 | D:7      | HP: 4/68 [orc priest/divine providence (12)]
  5230 | D:7      | Killed Buffagor's ghost
  5230 | D:7      | Reached skill level 4 in Bows
  5884 | D:8      | Found a basalt altar of Yredelemnul.
  5920 | D:8      | Noticed Pikel
  5937 | D:8      | Killed Pikel
  5937 | D:8      | Reached skill level 12 in Maces & Flails
  5937 | D:8      | Reached skill level 5 in Bows
  5944 | D:8      | Noticed Psyche
  5952 | D:8      | Killed Psyche
  5957 | D:8      | Reached skill level 6 in Bows
  5966 | D:8      | Reached skill level 13 in Maces & Flails
  6222 | D:8      | Reached XP level 10. HP: 74/74 MP: 10/10
  6414 | D:8      | Gained mutation: Your mind is acute. (Int +2) [potion of mutation]
  6414 | D:8      | Gained mutation: Your muscles are strong. (Str +2) [potion of mutation]
  6414 | D:8      | Gained mutation: You passively map a small area around you. [potion of mutation]
  6810 | D:8      | Found Tuh Wuf's Armour Emporium.
  7200 | D:9      | Reached skill level 7 in Bows
  7477 | D:9      | Reached skill level 3 in Fighting
  7604 | D:9      | Reached * piety under Fedhas
  7625 | D:10     | Entered Level 10 of the Dungeon
  7625 | D:10     | Found a staircase to the Orcish Mines.
  7670 | D:10     | Reached skill level 3 in Evocations
  7679 | D:10     | Reached skill level 4 in Fighting
  7924 | D:10     | Noticed a hill giant
  7929 | D:10     | Killed a hill giant
  7929 | D:10     | Reached skill level 5 in Fighting
  7929 | D:10     | Reached skill level 8 in Bows
  7929 | D:10     | Reached skill level 4 in Evocations
  8330 | D:10     | Noticed a hill giant
  8335 | D:10     | Killed a hill giant
  8335 | D:10     | Reached skill level 6 in Fighting
  8335 | D:10     | Reached XP level 11. HP: 62/89 MP: 13/13
  8985 | D:11     | Found Beubrock's Food Shoppe.
  9072 | D:11     | Found a staircase to the Lair.
  9110 | D:11     | Reached ** piety under Fedhas
  9156 | D:11     | HP: 10/133 [manticore (6)]
  9157 | D:11     | Mangled by a manticore

Vanquished Creatures
  Pikel (D:8)
  2 hill giants (D:10)
  The ghost of Buffagor the Chopper, a novice DsFi of Uskayaw (D:7)
  Psyche (D:8)
  A troll (D:10)
  A wyvern (D:7)
  Sigmund (D:6)
  6 yaks (D:10)
  2 hippogriffs
  Edmund (D:5)
  A water moccasin (D:7)
  An ice beast (D:9)
  A sky beast (D:8)
  An orc warrior (D:6)
  A wasp (D:9)
  A slave (D:8)
  A phantom (D:4)
  An eye of draining (D:9)
  8 centaurs
  An ogre (D:9)
  A crocodile (D:11)
  A big kobold (D:9)
  4 giant frogs
  A gnoll sergeant (D:10)
  A wyvern skeleton (D:10)
  4 killer bees (D:8)
  A scorpion (D:5)
  4 wights (D:10)
  A howler monkey (D:4)
  5 crimson imps
  3 centaur skeletons
  3 orc priests
  6 hounds
  3 jellies
  4 orc wizards
  Crazy Yiuf (D:4)
  A giant frog skeleton (D:5)
  2 iguanas
  Ijyb (D:3)
  10 worker ants
  A hound skeleton (D:11)
  A worker ant zombie (D:8)
  4 gnolls (D:10)
  12 adders
  2 shadow imps
  An adder skeleton (D:9)
  An adder zombie (D:5)
  5 worms
  2 dart slugs
  5 giant geckos
  27 orcs
  4 ball pythons (D:2)
  11 bats
  8 giant cockroaches
  6 goblins
  5 hobgoblins
  16 jackals
  4 quokkas
  A giant gecko skeleton (D:4)
  3 giant newts
  A jackal skeleton (D:4)
  8 kobolds
  2 quokka skeletons
  7 rats
228 creatures vanquished.

Vanquished Creatures (others)
  A slave (D:8)
  A giant frog (D:8)
  47 toadstools
49 creatures vanquished.

Grand Total: 277 creatures vanquished
